 Dungeon Crawl Stone Soup version 0.14-a0-2443-g5aee772 (webtiles) character file.

221 RedPan the Skirmisher (level 4, 0/29 HPs)
             Began as a Gargoyle Fighter on Feb 7, 2014.
             Slain by a quasit (1 damage)
             ... summoned by Natasha
             ... on Level 3 of the Dungeon.
             The game lasted 00:09:44 (2174 turns).

RedPan the Skirmisher (Gargoyle Fighter)            Turns: 2174, Time: 00:09:45

HP   0/29        AC 10     Str 21      XL: 4   Next: 79%
MP   4/4         EV  6     Int  8      God:
Gold 118         SH 18     Dex  8 (9)  Spells:  0 memorised,  3 levels left

rFire  . . .     SeeInvis .     l - +0,-1 elf whip
rCold  . . .     Clarity  .     b - +0 scale mail (curse)
rNeg   + . .     Conserve .     c - +0 shield
rPois  +         rCorr    .     (no helmet)
rElec  +         rRot     +     (no cloak)
SustAb . .       Spirit   .     (no gloves)
rMut   .         Warding  .     (no boots)
Saprov . . .     Stasis   +     o - amulet of stasis {unknown}
MR     +....                    (no ring)
                                i - ring of protection from magic {unknown}

@: somewhat resistant to hostile enchantments, extremely unstealthy
A: life protection 1, electricity resistance, unbreathing, petrification
resistance, AC +3
a: no special abilities


You were on level 3 of the Dungeon.
You were not hungry.

You visited 1 branch of the dungeon, and saw 3 of its levels.

You collected 118 gold pieces.

Inventory:

Hand weapons
 a - a +0,+0 mace
 l - a +0,-1 elven whip (weapon)
Armour
 b - a cursed +0 scale mail (worn)
 c - a +0 shield (worn)
 f - a +1 plate armour
Comestibles
 d - 3 bread rations
 m - a slice of pizza
 p - a choko
 q - 3 meat rations
 s - a pear
Scrolls
 g - a scroll of magic mapping
 h - a scroll of curse weapon {unknown}
Jewellery
 i - a ring of protection from magic (left hand) {unknown}
 o - an amulet of stasis (around neck) {unknown}
Potions
 e - 2 potions of resistance
 j - 2 potions of might {unknown}
 k - 2 potions of heal wounds {unknown}
 n - a potion of brilliance {unknown}
 r - a potion of curing {unknown}
 t - a potion of invisibility {unknown}


   Skills:
 + Level 4.1 Fighting
 + Level 2.9 Maces & Flails
 + Level 3.7 Armour
 + Level 1.2 Dodging
 + Level 4.0 Shields


You had 3 spell levels left.
You didn't know any spells.

Dungeon Overview and Level Annotations

Branches:
Dungeon (3/16)

Altars:
Xom

Annotations:
D:3 Natasha


Innate Abilities, Weirdness & Mutations

You are resistant to torment.
You are immune to poison.
Your stone body is very resilient (AC +3).
You resist negative energy.
You are resistant to electric shocks.
You can survive without breathing.
You are immune to petrification.


Message History

* * * LOW HITPOINT WARNING * * *
The lemure hits you but does no damage.
You hit Natasha.
Natasha is almost dead.
The quasit bites you.
* * * LOW HITPOINT WARNING * * *
The quasit claws you but does no damage.
You block the quasit's attack. You block the lemure's attack.
The lemure hits you but does no damage. You block the lemure's attack.
The quasit barely misses you. The quasit claws you.
* * * LOW HITPOINT WARNING * * *
The quasit claws you but does no damage.
Natasha casts a spell at you. You resist with almost no effort.
You barely miss Natasha.
Natasha is almost dead.
The quasit barely misses you.
The quasit claws you but does no damage.
The quasit claws you.
You die...

#.##.#####) #.##.# #.
#.##.# #. #.##.#####.
###.#..#.()..
#......#.....
#.#.#..#.#...
#############...#..#.#..#
>......h@5...............
#######5#####............
♣♣. ###..#....... ♣♣♣
#........... ♣♣♣
#...#.###### ##..#.#
#..#.# . #.# .


You could see a quasit, Natasha and a lemure.

Vanquished Creatures
  An orc wizard (D:3)
  3 adders (D:2)
  2 giant geckos
  2 oozes
  6 orcs (D:3)
  A bat (D:2)
  2 giant cockroaches
  5 goblins
  9 hobgoblins
  2 jackals (D:2)
  6 kobolds
  3 giant newts
  5 rats
47 creatures vanquished.

Vanquished Creatures (others)
  A gnoll (D:2)
1 creature vanquished.

Grand Total: 48 creatures vanquished

Notes
Turn   | Place    | Note
--------------------------------------------------------------
     0 | D:1      | RedPan, the Gargoyle Fighter, began the quest for the Orb.
     0 | D:1      | Reached XP level 1. HP: 14/14 MP: 1/1
   113 | D:1      | Reached XP level 2. HP: 19/19 MP: 2/2
   811 | D:2      | Reached XP level 3. HP: 24/24 MP: 3/3
   841 | D:2      | Found a shimmering altar of Xom.
  1427 | D:2      | Reached XP level 4. HP: 24/29 MP: 4/4
  2018 | D:3      | Reached skill level 4 in Fighting
  2115 | D:3      | Reached skill level 1 in Dodging
  2153 | D:3      | Noticed Natasha
  2173 | D:3      | HP: 1/29 [quasit[Natasha] (2)]
  2174 | D:3      | Slain by a quasit

Action                   |  1- 3 |  4- 6 || total
-------------------------+-------+-------++-------
Melee: Mace              |    19 |       ||    19
       Whip              |   218 |   113 ||   331
  Use: Scroll            |     9 |     3 ||    12
